 Dungeon Crawl Stone Soup version 0.23.0 (webtiles) character file.

Game seed: 3309828523054897480

12879 Gadfly the Covert (level 11, 0/54 HPs)
             Began as a Spriggan Enchanter on Feb 18, 2019.
             Was an Initiate of Gozag.
             Slain by an orc warlord
             ... wielding a +0 great mace
              (19 damage)
             ... on level 1 of the Orcish Mines.
             The game lasted 00:36:16 (14013 turns).

Gadfly the Covert (Spriggan Enchanter)             Turns: 14013, Time: 00:36:18

Health: 0/54       AC:  4    Str:  4    XL:     11   Next: 68%
Magic:  26/26      EV: 29    Int: 20    God:    Gozag
Gold:   1703       SH:  0    Dex: 21    Spells: 19/31 levels left

rFire    . . .     SeeInvis +   a - +3 dagger (flame)
rCold    . . .     Gourm    .   (shield restricted)
rNeg     . . .     Faith    .   b - +1 robe
rPois    .         Spirit   .   (helmet restricted)
rElec    .         Reflect  .   E - +0 cloak
rCorr    .         Harm     .   (gloves unavailable)
MR       +....     Clarity  +   (boots unavailable)
Stlth    +++++++...             (no amulet)
HPRegen  0.18/turn              D - ring of wizardry
MPRegen  0.20/turn              y - ring of stealth

@: very quick
A: very small, unfitting armour, see invisible, agile 1, clarity, clever 1,
herbivore, speed 3, slow metabolism 2
a: Potion Petition, Call Merchant, Bribe Branch, Renounce Religion


You were on level 1 of the Orcish Mines.
You worshipped Gozag.
Gozag was most pleased with you.
You were not hungry.

You visited 3 branches of the dungeon, and saw 12 of its levels.

You collected 2063 gold pieces.
You spent 305 gold pieces at shops.
You paid 55 gold pieces to Gozag.

Inventory:

Hand Weapons
 a - a +3 dagger of flaming (weapon)
 q - a +2 trident of venom
 r - a +1 dagger of venom
 J - a cursed +5 short sword
 L - a +2 short sword of protection
Armour
 b - a +1 robe (worn)
 E - a +0 cloak (worn)
Jewellery
 f - an uncursed ring of poison resistance
 y - a ring of stealth (right hand)
 D - a ring of wizardry (left hand)
Wands
 p - a wand of digging (10)
 u - a wand of flame (54)
 x - a wand of acid (13)
 z - a wand of enslavement (6)
 C - a wand of polymorph (7)
 I - a wand of iceblast (4)
 K - a wand of paralysis (6)
Scrolls
 e - 4 scrolls of amnesia
 h - 2 scrolls of blinking
 i - 4 scrolls of remove curse
 j - 6 scrolls of identify
 k - 3 scrolls of teleportation
 n - a scroll of enchant weapon
 o - 2 scrolls of enchant armour
 B - 2 scrolls of magic mapping
 F - a scroll of fog
 G - a scroll of fear
Potions
 c - 2 potions of haste
 g - 4 potions of lignification
 l - 2 potions of cancellation
 m - a potion of resistance
 s - 4 potions of mutation
 t - a potion of flight
 v - a potion of brilliance
 w - 5 potions of curing
 A - a potion of agility
 H - a potion of magic
Comestibles
 d - 16 rations


   Skills:
 + Level 4.8 Fighting
 + Level 6.5 Short Blades
 + Level 11.1 Dodging
 * Level 13.7 Stealth
 * Level 10.5 Spellcasting
 * Level 9.3 Hexes
 + Level 7.0 Evocations


You had 19 spell levels left.
You knew the following spells:

 Your Spells              Type           Power        Failure   Level  Hunger
a - Corona                Hex            #####..      1%          1    None
b - Ensorcelled Hibernat  Hex/Ice        ####..       1%          2    None
c - Confuse               Hex            #####...     1%          3    None
d - Tukima's Dance        Hex            #####...     1%          3    None
e - Dazzling Spray        Conj/Hex       ####..       1%          3    None

Your spell library contained the following spells:

 Spells                   Type           Power        Failure   Level  Hunger
 Inner Flame              Hex/Fire       ####....     1%          3    None
 Flame Tongue             Conj/Fire      ##...        2%          1    None
 Throw Flame              Conj/Fire      ##....       4%          2    None
 Conjure Flame            Conj/Fire      ##......     9%          3    None
 Sticky Flame             Conj/Fire      ##......     26%         4    ##.....
 Fireball                 Conj/Fire      ##........   56%         5    ####...


Dungeon Overview and Level Annotations

Branches:
Dungeon (10/15)            Temple (1/1) D:5            Lair (0/6) D:10
    Orc (1/2) D:10

Altars:
Ashenzari
Cheibriados
Dithmenos
Elyvilon
Fedhas
Gozag
Hepliaklqana
Kikubaaqudgha
Makhleb
Nemelex Xobeh
Okawaru
Qazlal
Ru
Sif Muna
Trog
Uskayaw
Vehumet
Wu Jian
Xom
Yredelemnul
Zin
The Shining One

Shops:
D:5 =%   D:7 (   D:9 =

Annotations:
D:7 3 runed translucent doors, Arex's ghost, novice MiAK; grisamentum's ghost, novice OgBe


Innate Abilities, Weirdness & Mutations

You are very small and have problems with some larger weapons.
You are too small for most types of armour.
You have supernaturally acute eyesight. (SInv)
You are a herbivore.
You cover ground extremely quickly.
You need to consume almost no food.
You are agile. (Dex +2)
You possess an exceptional clarity of mind.
Your mind is acute. (Int +2)


Message History

You start resting.
Magic restored.
You now have 1703 gold pieces (gained 20).
There is a staircase to the Orcish Mines here.
You start resting.
HP restored.
You climb downwards.
Welcome back to the Orcish Mines!
An orc and an orc warrior come into view.
The orc warlord hits you with a +3 great mace of holy wrath!!
Ouch! That really hurt!
The orc completely misses you. The orc warrior completely misses you.
You hear a shout!
There is a staircase back to the Dungeon, spattered with blood here.
The orc wizard closely misses you.
The orc warlord roars a battlecry!
The orcs go into a battle-frenzy!
The orc completely misses you.
The orc warlord hits you with a +0 great mace!!
You die...
Your body crumbles into a pile of gold.

$ ### ##)##
##>..# #[.)##
##$.## #.o.## $
#o@o.#
##.#ooo## $
#.......#
##..o..o.#
#.....o....#
#.o.o..o...#
......$......
.....o........
.....#........#


You could see 2 orc warlords, 6 orc warriors, 3 orc wizards and 2 orcs.

Vanquished Creatures
  Harold (D:7)
  5 two-headed ogres
  An unseen horror (D:10)
  A manticore (D:9)
  Maurice (D:8)
  3 trolls
  3 yaks (D:10)
  A wyvern (D:8)
  Grum (D:8)
  A hungry ghost (D:8)
  2 wargs (D:10)
  3 water moccasins
  5 orc warriors
  4 ice beasts
  2 ogres
  3 phantoms
  6 centaurs
  2 wolves (D:8)
  Blork the orc (D:3)
  2 big kobolds
  10 bullfrogs
  3 gnoll sergeants
  2 scorpions
  8 killer bees (D:10)
  9 wights
  4 howler monkeys
  A crimson imp (D:6)
  11 hounds
  3 jellies
  3 bullfrog skeletons
  11 orc priests
  3 centaur skeletons (D:4)
  9 orc wizards
  8 iguanas
  Ijyb (D:4)
  4 worker ants
  A hound skeleton (D:4)
  A worker ant zombie (D:7)
  12 gnolls
  7 adders
  2 shadow imps
  An adder zombie (D:5)
  2 adder skeletons (D:4)
  3 worms
  2 dart slugs
  5 leopard geckos
  36 orcs
  A ball python (D:1)
  5 bats
  5 giant cockroaches
  4 goblins
  4 hobgoblins
  11 jackals
  7 quokkas
  4 frilled lizards
  9 kobolds
  A leopard gecko zombie (D:8)
  2 quokka skeletons
  4 rats
267 creatures vanquished.

Vanquished Creatures (others)
  A worker ant (D:10)
1 creature vanquished.

Grand Total: 268 creatures vanquished

Notes
Turn   | Place    | Note
-------+----------+-------------------------------------------
     0 | D:1      | Gadfly the Spriggan Enchanter began the quest for the Orb.
     0 | D:1      | Reached XP level 1. HP: 9/9 MP: 5/5
   174 | D:1      | Reached skill level 5 in Stealth
   190 | D:1      | Reached XP level 2. HP: 8/13 MP: 6/6
   194 | D:1      | Learned a level 2 spell: Ensorcelled Hibernation
  1333 | D:2      | Reached XP level 3. HP: 14/16 MP: 2/8
  2219 | D:3      | Reached XP level 4. HP: 21/21 MP: 5/10
  2220 | D:3      | Found a shadowy altar of Dithmenos.
  2233 | D:3      | Reached skill level 6 in Stealth
  2467 | D:3      | Learned a level 3 spell: Confuse
  2471 | D:3      | Learned a level 3 spell: Tukima's Dance
  2591 | D:3      | Gained mutation: You are agile. (Dex +2) [potion of
                  | mutation]
  2591 | D:3      | Gained mutation: Your mind is acute. (Int +2) [potion of
                  | mutation]
  2591 | D:3      | Gained mutation: You possess an exceptional clarity of
                  | mind. [potion of mutation]
  2626 | D:3      | Noticed Blork the orc
  2634 | D:3      | Found a deep blue altar of Sif Muna.
  2991 | D:3      | Killed Blork the orc
  2991 | D:3      | Reached XP level 5. HP: 25/25 MP: 7/11
  3077 | D:3      | Found a faded altar of an unknown god.
  3203 | D:4      | Found a radiant altar of Vehumet.
  3229 | D:4      | Reached skill level 1 in Fighting
  3331 | D:4      | Found a burning altar of Makhleb.
  3437 | D:4      | Reached XP level 6. HP: 14/30 MP: 7/13
  3646 | D:4      | Reached skill level 7 in Stealth
  3663 | D:4      | Found a burning altar of Makhleb.
  3929 | D:4      | Noticed Ijyb
  3941 | D:4      | Killed Ijyb
  3941 | D:4      | Reached skill level 5 in Dodging
  4184 | D:4      | Learned a level 3 spell: Dazzling Spray
  4207 | D:4      | Reached XP level 7. HP: 17/33 MP: 9/15
  5257 | D:4      | Reached skill level 5 in Spellcasting
  5257 | D:4      | Reached skill level 1 in Evocations
  5277 | D:5      | Entered Level 5 of the Dungeon
  5278 | D:5      | Found a staircase to the Ecumenical Temple.
  5286 | Temple   | Entered the Ecumenical Temple
  5340 | Temple   | Became a worshipper of Gozag Ym Sagoz the Greedy
  5380 | D:5      | Reached skill level 8 in Stealth
  5514 | D:5      | Found Leka's Food Boutique.
  5710 | D:4      | Reached skill level 5 in Hexes
  6347 | D:5      | Reached XP level 8. HP: 32/39 MP: 9/17
  6677 | D:5      | Found Ehik Hyv's Jewellery Emporium.
  6683 | D:5      | Reached skill level 9 in Stealth
  6705 | D:5      | Bought an uncursed ring of stealth for 227 gold pieces
  7105 | D:6      | Noticed a +0 dagger
  7105 | D:6      | Noticed a +0 dagger
  7106 | D:6      | Found a hide-covered altar of Uskayaw.
  7579 | D:7      | Found Qaptecri's Antique Weapon Emporium.
  7846 | D:7      | Noticed Harold
  8325 | D:7      | Reached XP level 9. HP: 34/43 MP: 17/20
  8524 | D:7      | Reached skill level 10 in Stealth
  8533 | D:7      | Found a runed translucent gate.
  8535 | D:7      | Found a runed translucent gate.
  8536 | D:7      | Found a runed translucent gate.
  8538 | D:7      | Noticed grisamentum's ghost (novice OgBe)
  8538 | D:7      | Noticed Arex's ghost (novice MiAK)
  8860 | D:7      | Killed Harold
  9248 | D:8      | Reached skill level 11 in Stealth
  9280 | D:8      | Noticed a two-headed ogre
  9291 | D:8      | Killed a two-headed ogre
  9291 | D:8      | Reached skill level 5 in Short Blades
  9291 | D:8      | Reached XP level 10. HP: 49/49 MP: 21/23
  9338 | D:8      | Noticed a two-headed ogre
  9339 | D:8      | Killed a two-headed ogre
  9339 | D:8      | Reached skill level 5 in Evocations
  9354 | D:8      | Reached skill level 10 in Dodging
 10727 | D:8      | Found a basalt altar of Yredelemnul.
 10760 | D:8      | Reached skill level 12 in Stealth
 10904 | D:8      | Noticed a two-headed ogre
 10913 | D:8      | Killed a two-headed ogre
 10960 | D:8      | Noticed Grum
 11078 | D:8      | Noticed Maurice
 11085 | D:8      | Killed Maurice
 11140 | D:8      | Killed Grum
 11481 | D:9      | Found a white marble altar of Elyvilon.
 11481 | D:9      | Found a shattered altar of Ashenzari.
 11481 | D:9      | Found a sparkling altar of Nemelex Xobeh.
 11481 | D:9      | Found a hazy altar of Hepliaklqana.
 11577 | D:9      | Found Gebytedu's Jewellery Shop.
 11583 | D:9      | Bought a cursed amulet of inaccuracy for 24 gold pieces
 11583 | D:9      | Bought a cursed ring of attention for 54 gold pieces
 11773 | D:9      | Noticed a manticore
 11776 | D:9      | Killed a manticore
 11776 | D:9      | Reached XP level 11. HP: 51/53 MP: 25/25
 11860 | D:9      | Found a stormy altar of Qazlal.
 12005 | D:9      | Noticed a two-headed ogre
 12029 | D:9      | Killed a two-headed ogre
 12029 | D:9      | Reached skill level 13 in Stealth
 12430 | D:10     | Entered Level 10 of the Dungeon
 12435 | D:10     | Reached skill level 10 in Spellcasting
 12576 | D:10     | Noticed an unseen horror
 12667 | D:10     | Killed an unseen horror
 12805 | D:10     | Found a staircase to the Lair.
 13108 | D:10     | Found a staircase to the Orcish Mines.
 13141 | D:10     | Noticed a two-headed ogre
 13148 | D:10     | Killed a two-headed ogre
 13328 | Orc:1    | Entered Level 1 of the Orcish Mines
 13350 | Orc:1    | Noticed an orc warlord
 13659 | Orc:1    | Noticed an orc warlord
 14013 | Orc:1    | Slain by an orc warlord

Skill      XL: |  1  2  3  4  5  6  7  8  9 10 11 |
---------------+----------------------------------+-----
Stealth        | 5 6 7 8 9 11 12 13 | 13.7
Spellcasting   | 3 4 5 6 8 9 10 | 10.5
Hexes          | 4 5 6 8 9 |  9.3
Dodging        | 4 5 6 7 9 10 11 | 11.1
Fighting       | 1 2 3 4 |  4.8
Short Blades   | 2 3 4 5 6 |  6.5
Evocations     | 2 3 4 6 7 |  7.0

Action                   |  1- 3 |  4- 6 |  7- 9 | 10-12 || total
-------------------------+-------+-------+-------+-------++-------
Melee: Dagger            |    69 |   114 |   139 |   276 ||   598
Throw: Throwing net      |       |       |     1 |       ||     1
 Cast: Ensorcelled Hiber |    18 |    17 |    61 |   102 ||   198
       Confuse           |       |     7 |    13 |    21 ||    41
       Dazzling Spray    |       |       |     1 |     8 ||     9
  Use: Scroll            |       |     6 |    13 |     5 ||    24
       Potion            |       |     1 |     1 |       ||     2
 Stab: Sleeping          |    13 |    21 |    55 |    80 ||   169
       Confused          |       |     3 |     4 |    15 ||    22
       Distracted        |       |     1 |     7 |     4 ||    12
       Held in net/web   |       |       |     1 |       ||     1
       Invisible         |       |       |     2 |     2 ||     4
  Eat: Ration            |       |     1 |     3 |     3 ||     7
Armor: Robe              |    10 |     5 |     5 |     5 ||    25
Dodge: Dodged            |    52 |    89 |   124 |   240 ||   505
